 Dungeon Crawl Stone Soup version 0.28-a0-233-gb8ca4b6547 (webtiles) character file.

Game seed: 1751372402921712160

273 bande the Shield-Bearer (level 6, -3/38 HPs)
             Began as a Gargoyle Fighter on Aug 23, 2021.
             Slain by Duvessa (12 damage)
             ... on level 4 of the Dungeon.
             The game lasted 00:03:49 (3500 turns).

bande the Shield-Bearer (Gargoyle Fighter)          Turns: 3500, Time: 00:03:49

Health: -3/38      AC: 14    Str: 21    XL:     6   Next: 24%
Magic:  0/6        EV:  6    Int:  8    God:
Gold:   159        SH:  8    Dex: 10    Spells: 5/5 levels left

rFire   . . .      SeeInvis .   a - +0 war axe
rCold   . . .      Faith    .   c - +0 kite shield
rNeg    + . .      Spirit   +   f - +0 chain mail
rPois   ∞          Reflect  .   (no helmet)
rElec   +          Harm     .   (no cloak)
rCorr   .          Rampage  .   (no gloves)
Will    .....                   (no boots)
Stlth   ..........              b - amulet of guardian spirit
HPRegen 0.12/turn               (no ring)
MPRegen 0.10/turn               (no ring)

@: lit by a corona, silenced (expiring), glowing
A: sickness immunity, AC +4, negative energy resistance 1, electricity
resistance, torment resistance 1, petrification resistance
a: no special abilities


You were on level 4 of the Dungeon.
You visited 1 branch of the dungeon, and saw 4 of its levels.

You collected 159 gold pieces.

Inventory:

Hand Weapons
 a - a +0 war axe (weapon)
Armour
 c - a +0 kite shield (worn)
 f - a +0 chain mail (worn)
Jewellery
 b - an amulet of guardian spirit (around neck)
Potions
 d - a potion of might
 e - a potion of invisibility


   Skills:
 + Level 3.9 Fighting
 + Level 3.6 Axes
 + Level 4.5 Armour
 + Level 0.9 Dodging
 + Level 4.8 Shields


You had 5 spell levels left.
You didn't know any spells.
Your spell library contained the following spells:

 Spells                   Type           Power      Damage    Failure   Level
 Ensorcelled Hibernation  Hex/Ice        0%         N/A       100%        2
 Spider Form              Tmut/Pois      0%         N/A       100%        3
 Shadow Creatures         Summ           N/A        N/A       100%        6


Dungeon Overview and Level Annotations

Branches:
Dungeon (4/15)
 Temple: D:4-7

Altars:
Dithmenos
Elyvilon
Qazlal
Trog

Annotations:
D:4 Duvessa


Innate Abilities, Weirdness & Mutations

You are immune to sickness and miasma.
Your stone body is resilient. (AC +4)
You are immune to poison.
You resist negative energy. (rN+)
You are resistant to electric shocks. (rElec)
You are resistant to unholy torment.
You are immune to petrification.


Message History

Duvessa is lightly wounded.
You closely miss the goblin. You block Duvessa's attack.
The goblin hits you with a +0 dagger.
Duvessa hits you with a +1 short sword of electrocution.
Dowan hits you with a +0 dagger. You block the goblin's attack.
You slash Duvessa!
Duvessa is moderately wounded.
You completely miss Dowan. You hit the goblin but do no damage.
Duvessa hits you with a +1 short sword of electrocution.
The goblin closely misses you. Dowan hits you with a +0 dagger.
You barely miss Duvessa.
Duvessa is moderately wounded.
You hit the goblin but do no damage. You closely miss Dowan.
Duvessa barely misses you. The goblin barely misses you.
Dowan hits you but does no damage.
Duvessa hits you with a +1 short sword of electrocution.
You block Dowan's attack. The goblin hits you but does no damage.
You slash Dowan!
Dowan is moderately wounded.
You hit the goblin.
You kill the goblin!
You hit Duvessa but do no damage. Duvessa hits you but does no damage.
Dowan casts a spell at you.
You are outlined in light.
You slash Dowan!
You kill Dowan!
Duvessa weeps, then rights herself and shakes her weapon.
Duvessa goes berserk!
You hit Duvessa but do no damage. Duvessa hits you but does no damage.
Duvessa hits you with a +1 short sword of electrocution.
Duvessa hits you with a +1 short sword of electrocution!
* * * LOW HITPOINT WARNING * * *
Duvessa barely misses you.
Things that are here:
a +0 dagger; a +0 robe You completely miss Duvessa.
Duvessa is moderately wounded.
You block Duvessa's attack. x2
Duvessa hits you with a +1 short sword of electrocution!
You die...

#. #. #.
###.########
#..........#
#..........###
#............
#...e@.....#
#...)......#
#..........#
###+##.....#
##.....###
#........#
#........#
#........#
#........#


You could see Duvessa (berserk, resistant).

Vanquished Creatures
  A black bear (D:3)
  A bullfrog (D:3)
  Dowan (D:4)
  2 adders (D:2)
  A worm (D:3)
  4 endoplasms
  3 giant cockroaches (D:1)
  4 goblins
  4 hobgoblins
  4 jackals (D:2)
  2 quokkas
  2 ball pythons (D:1)
  3 bats (D:1)
  3 frilled lizards
  10 kobolds
  4 rats
49 creatures vanquished.

Notes
Turn   | Place    | Note
-------+----------+-------------------------------------------
     0 | D:1      | bande the Gargoyle Fighter began the quest for the Orb.
     0 | D:1      | Reached XP level 1. HP: 14/14 MP: 1/1
   117 | D:1      | Reached XP level 2. HP: 19/19 MP: 2/2
   485 | D:1      | Found a faded altar of an unknown god.
  1035 | D:2      | Reached XP level 3. HP: 22/23 MP: 3/3
  1627 | D:2      | Reached XP level 4. HP: 27/28 MP: 4/4
  1956 | D:3      | Noticed a black bear
  1968 | D:3      | HP: 1/28 [black bear (3)]
  1969 | D:3      | Killed a black bear
  1970 | D:3      | Reached XP level 5. HP: 2/33 MP: 5/5
  2501 | D:3      | Reached XP level 6. HP: 24/38 MP: 6/6
  2949 | D:3      | Found a bloodstained altar of Trog.
  2949 | D:3      | Found a white marble altar of Elyvilon.
  2950 | D:3      | Found a shadowy altar of Dithmenos.
  2971 | D:3      | Found a stormy altar of Qazlal.
  3489 | D:4      | Noticed Duvessa
  3489 | D:4      | Noticed Dowan
  3498 | D:4      | Killed Dowan
  3500 | D:4      | Slain by Duvessa

Illustrated notes

Levels and vault maps discovered:
D:1:      dpeg_arrival_simpleton_b, layout_basic,
          dreamdust_ecumenical_altar_angels_and_demons, minmay_worlds_worst_comb
D:2:      layout_loops_cross, kennysheep_generic_room_10
D:3:      layout_basic, nicolae_overflow_quartered_altars
D:4:      kennysheep_big_flooded_room, layout_basic, serial_shops,
          nicolae_shop_statue_plus, nicolae_shop_temple_entry_statues_fountains,
          shop, uniq_duvessa

Skill      XL: |  1  2  3  4 |
---------------+-------------+-----
Axes           | 2 3 |  3.6
Shields        | 4 |  4.8
Armour         | 4 |  4.5
Fighting       | |  3.9
Dodging        | |  0.9

Action                   |  1- 3 |  4- 6 || total
-------------------------+-------+-------++-------
Melee: War axe           |   127 |    46 ||   173
  Use: Scroll            |     2 |     5 ||     7
       Potion            |     2 |     1 ||     3
Armor: Scale mail        |     8 |       ||     8
       Chain mail        |    75 |    44 ||   119
Dodge: Dodged            |    36 |    16 ||    52
Block: Kite shield       |    59 |    30 ||    89

Table legend: (Time is in decaauts)
 A = Elapsed time spent in this place.
 B = Non-inter-level travel time spent in this place.
 C = Inter-level travel time spent in this place.
 D = Time resting spent in this place.
 E = Time spent auto-exploring this place.
 F = Levels seen in this place.
 G = Mean time per level.
                   A        B        C        D        E       F      G
               +--------+--------+--------+--------+--------+-----+--------+
         Total |   3604 |   3604 |      0 |   1041 |   1993 |   4 |  901.0 |
       Dungeon |   3604 |   3604 |      0 |   1041 |   1993 |   4 |  901.0 |
               +--------+--------+--------+--------+--------+-----+--------+

Top non-repeatable levels by time:
     D:3: 1708 daAuts
     D:1: 1018 daAuts
     D:2: 853 daAuts
     D:4: 24 daAuts
